cohdb
Replays
Latest Replays
All Replays
Popular Replays
Top Player Replays
Match Explorer
How It Works
Community
CoH3 Stats
Reddit
Sign in to upload your games and track your stats! →
Sign in with Steam
Match 43831325
Unlisted
Match 43831325
Overview
Messages
Build Orders
End
Selects Luftwaffe Battlegroup
Selects Luftwaffe Pioneer Support
Fallschirmpioneer Squad Paradrop
Construct Infanterie Kompanie
MG 42 Machine Gun Team
Fallschirmpioneer Squad Paradrop
GrW 34 Mortar Team
Construct Luftwaffe Kompanie
Selects Stuka Strafing Run
Jäger Squad
Support Elements
Stuka Strafing Run
Jäger Squad
Selects Fallschirmjäger Squad Paradrop
Wirbelwind Flakpanzer
Medical Station
Stuka Strafing Run
Wirbelwind Flakpanzer
Selects Stuka Loiter
MG 42 Bunker
Construct Panzer Kompanie
Stuka Strafing Run
Panzer IV Medium Tank
Selects Flak 38 Anti-Air Emplacement
Selects Flak 36 Anti-tank Gun Emplacement
Hammerdon
Sp1tzbua
SASU
TidaL
Gringo_Killah1
No.69
0
0
Comments
sign in to comment!
No comments posted yet!